 Dungeon Crawl Stone Soup version 0.31-a0-182-gc5ef74bbde (webtiles) character file.

Game seed: 11546703301394440899

1248 qw the Cleaver (level 8, -4/50 HPs)
             Began as a Gargoyle Fighter on June 21, 2023.
             Was an Initiate of Okawaru.
             Slain by an ogre
             ... wielding a +0 giant club
              (19 damage)
             ... on level 6 of the Dungeon.
             The game lasted 00:02:17 (3570 turns).

qw the Cleaver (Gargoyle Fighter)                   Turns: 3570, Time: 00:02:18

Health: -4/50      AC: 18    Str: 22    XL:     8   Next: 50%
Magic:  8/8        EV:  8    Int:  9    God:    Okawaru [......]
Gold:   298        SH:  4    Dex:  9    Spells: 7/7 levels left

rFire   . . .        Y - +0 war axe
rCold   + . .        c - +0 buckler
rNeg    + . .        g - +0 chain mail
rPois   inf          l - +0 helmet
rElec   +            f - +0 cloak
rCorr   +            (no gloves)
SInv    .            i - +0 pair of boots
Will    .....        (no amulet) Stlth
                     b - ring of protection from cold
HPRegen 0.28/turn    p - ring of resist corrosion
MPRegen 0.11/turn

%: no passive effects
@: no status effects
A: sickness immunity, AC +5, negative energy resistance 1, electricity
resistance, torment resistance 1, petrification resistance
a: Renounce Religion


You were on level 6 of the Dungeon.
You worshipped Okawaru.
Okawaru was noncommittal.
You visited 2 branches of the dungeon, and saw 7 of its levels.

You collected 298 gold pieces.


Innate Abilities, Weirdness & Mutations

You are immune to sickness and miasma.
Your stone body is resilient. (AC +5)
You are immune to poison.
You resist negative energy. (rN+)
You are resistant to electric shocks. (rElec)
You are resistant to unholy torment.
You are immune to petrification.


   Skills:
 + Level 5.4 Fighting
 - Level 8.0 Axes
 - Level 1.2 Throwing
 - Level 4.2 Armour
 - Level 1.0 Dodging
 - Level 3.2 Shields


You had 7 spell levels left.
You didn't know any spells.
Your spell library was empty.

Inventory:

Hand Weapons
 o - a +0 flail
 Y - a +0 war axe (weapon)
Missiles
 e - 5 boomerangs (quivered)
Armour
 c - a +0 buckler (worn)
 f - a +0 cloak (worn)
 g - a +0 chain mail (worn)
 i - a +0 pair of boots (worn)
 l - a +0 helmet (worn)
Jewellery
 b - a ring of protection from cold (left hand)
 p - a ring of resist corrosion (right hand)
Scrolls
 a - 2 scrolls of teleportation
 h - a scroll of identify
Potions
 d - 3 potions of might
 j - a potion of heal wounds
 k - a potion of lignification
 m - a potion of cancellation
 n - a potion of curing {unknown}

Dungeon Overview and Level Annotations

Branches:
Dungeon (6/15)             Temple (1/1) D:5

Altars:
Cheibriados
Dithmenos
Fedhas
Gozag
Hepliaklqana
Kikubaaqudgha
Makhleb
Nemelex Xobeh
Okawaru
Ru
Sif Muna
Trog
Uskayaw
Vehumet
Wu Jian
Xom
Yredelemnul
Zin
The Shining One


Message History

You slash the orc!
You kill the orc!
Okawaru accepts your kill. You block the orc's attack.
The orc hits you with a +0 flail. The gnoll hits you but does no damage.
The orc wizard barely misses you.
The ogre hits you with a +0 giant club!!
A gnoll comes into view. It is wielding a +0 whip.
You barely miss the orc.
The orc is almost dead.
You hit the ogre but do no damage. You closely miss the orc wizard.
You hit the orc but do no damage.
The orc hits you but does no damage. x2; The gnoll closely misses you.
The orc wizard hits you but does no damage.
A gnoll comes into view. It is wielding a +0 flail.
The ogre hits you with a +0 giant club.
You hit the orc.
You kill the orc!
Okawaru accepts your kill.
You slash the ogre! You hit the gnoll. You hit the orc wizard.
You closely miss the orc. The gnoll hits you with a +0 flail.
The gnoll completely misses you. The orc completely misses you.
The orc wizard completely misses you.
You barely miss the orc.
The orc is severely wounded.
You hit the orc wizard. You slash the ogre! You hit the gnoll but do no damage.
The gnoll closely misses you. The orc barely misses you.
The orc wizard casts a spell at you.
The puff of flame hits you but does no damage.
The ogre hits you with a +0 giant club. The gnoll barely misses you.
You slash the ogre!
The ogre is almost dead.
You hit the orc wizard. You closely miss the orc.
You hit the gnoll bouda but do no damage.
You slash the gnoll! You block the gnoll's attack. The orc closely misses you.
The orc wizard hits you but does no damage.
The gnoll bouda hits you but does no damage.
The gnoll hits you but does no damage.
The ogre hits you with a +0 giant club!!
You die...

# #.# .. #
#.####.#
#..O@o.#
###ggo....#
#gg.[.##.#
#g###.# ..
.# .## (.
.. ## ##


You could see an ogre, a gnoll bouda, an orc wizard, 4 gnolls and an orc.

Vanquished Creatures
  Sigmund (D:4)
  2 ice beasts (D:5)
  2 ogres
  A phantom (D:5)
  A scorpion (D:4)
  A jelly (D:4)
  2 orc priests (D:4)
  2 hounds (D:5)
  3 sleepcaps
  4 iguanas
  3 orc wizards (D:4)
  8 adders
  5 worms
  2 dart slugs
  18 orcs
  6 endoplasms
  5 giant cockroaches
  6 hobgoblins
  7 kobolds
  8 quokkas
  5 ball pythons
  8 bats
  2 frilled lizards (D:2)
  11 goblins
  6 rats
119 creatures vanquished.

Notes
Turn   | Place    | Note
-------+----------+-------------------------------------------
     0 | D:1      | qw the Gargoyle Fighter began the quest for the Orb.
     0 | D:1      | Reached XP level 1. HP: 14/14 MP: 1/1
     0 | D:1      | 0 ||| qw: Version: 0.3-a-9-g12657ce
     0 | D:1      | 0 ||| qw: Game counter: 1608
     0 | D:1      | 0 ||| qw: Always use a shield: true
     0 | D:1      | 0 ||| qw: God list: Okawaru
     0 | D:1      | 0 ||| qw: Allow faded altars: false
     0 | D:1      | 0 ||| qw: Do Orc after D:15 true
     0 | D:1      | 0 ||| qw: Do second Lair branch before Depths: true
     0 | D:1      | 0 ||| qw: Lair rune preference: random
     0 | D:1      | 0 ||| qw: Plans: Normal, Zot:1-4, Slime:5, God:TSO, Crypt,
                  | Tomb, Abyss, Pan, Hells, Win
     0 | D:1      | 0 ||| PLANNING D:1-11
    44 | D:1      | Reached skill level 2 in Axes
    74 | D:1      | 74 ||| FLEEEEING.
    75 | D:1      | 75 ||| FLEEEEING.
    79 | D:1      | 79 ||| FLEEEEING.
    80 | D:1      | 80 ||| FLEEEEING.
    81 | D:1      | 81 ||| FLEEEEING.
    82 | D:1      | 82 ||| FLEEEEING.
    83 | D:1      | 83 ||| FLEEEEING.
    84 | D:1      | 84 ||| FLEEEEING.
    85 | D:1      | 85 ||| FLEEEEING.
   127 | D:1      | Reached XP level 2. HP: 13/19 MP: 2/2
   245 | D:1      | 245 ||| Stepping ~*~*~tactically~*~*~ (hiding).
   256 | D:1      | 256 ||| Stepping ~*~*~tactically~*~*~ (stealth).
   259 | D:1      | 259 ||| Stepping ~*~*~tactically~*~*~ (stealth).
   325 | D:1      | Reached skill level 3 in Axes
   355 | D:1      | Reached XP level 3. HP: 18/23 MP: 3/3
   741 | D:1      | 741 ||| UPGRADING to +0 chain mail.
   751 | D:1      | 751 ||| DROPPING +0 scale mail.
   752 | D:1      | 752 ||| DROPPING ring of magical power.
   753 | D:1      | 753 ||| READING scroll labelled ATAOSE EXEGYGG.
   754 | D:1      | 754 ||| READING 3 scrolls labelled POFOUTT KIUSID.
   755 | D:1      | 755 ||| READING scroll labelled INKEQUE MEVVIF.
   756 | D:1      | 756 ||| READING scroll labelled TEOGRA ILEAHICH.
   757 | D:1      | 757 ||| READING 2 scrolls of identify.
   757 | D:1      | 757 ||| IDENTIFYING metallic inky potion
   766 | D:2      | 766 ||| Stepping ~*~*~tactically~*~*~ (stealth).
   974 | D:2      | Reached XP level 4. HP: 28/28 MP: 4/4
   987 | D:2      | 987 ||| Stepping ~*~*~tactically~*~*~ (hiding).
   989 | D:2      | 989 ||| Stepping ~*~*~tactically~*~*~ (hiding).
  1127 | D:2      | Reached skill level 4 in Axes
  1320 | D:2      | 1320 ||| UPGRADING to +0 pair of boots.
  1325 | D:2      | 1325 ||| READING 3 scrolls labelled TUARRI RAUFRI.
  1338 | D:3      | 1338 ||| STAIRDANCE
  1381 | D:3      | 1381 ||| Stepping ~*~*~tactically~*~*~ (stealth).
  1409 | D:3      | 1409 ||| DROPPING +0 club.
  1449 | D:3      | 1449 ||| Stepping ~*~*~tactically~*~*~ (stealth).
  1688 | D:3      | 1688 ||| Stepping ~*~*~tactically~*~*~ (stealth).
  1727 | D:3      | Reached XP level 5. HP: 32/32 MP: 5/5
  1730 | D:3      | Found an opulent altar of Gozag.
  1734 | D:3      | Found a sparkling altar of Nemelex Xobeh.
  1734 | D:3      | Found an ornate altar of the Wu Jian Council.
  1849 | D:3      | 1849 ||| UPGRADING to +0 helmet.
  1854 | D:3      | 1854 ||| UPGRADING to ring of protection from cold.
  1855 | D:3      | 1855 ||| READING scroll labelled ROTESCH XOLAP.
  1856 | D:3      | 1856 ||| READING 2 scrolls of identify.
  1856 | D:3      | 1856 ||| IDENTIFYING grey potion
  1857 | D:3      | 1857 ||| DROPPING potion of degeneration.
  1865 | D:4      | Noticed Sigmund
  1872 | D:4      | Killed Sigmund
  1873 | D:4      | Reached skill level 5 in Axes
  1873 | D:4      | Reached XP level 6. HP: 37/37 MP: 6/6
  1937 | D:4      | HP: 9/38 [orc priest/divine providence (13)]
  1938 | D:4      | 1938 ||| READING 3 scrolls of teleportation.
  2074 | D:4      | Reached skill level 6 in Axes
  2074 | D:4      | 2074 ||| Stepping ~*~*~tactically~*~*~ (hiding).
  2093 | D:4      | Reached skill level 1 in Dodging
  2093 | D:4      | Reached XP level 7. HP: 38/44 MP: 7/7
  2115 | D:4      | 2115 ||| Stepping ~*~*~tactically~*~*~ (hiding).
  2193 | D:4      | 2193 ||| DROPPING +0 mace.
  2470 | D:4      | 2470 ||| Stepping ~*~*~tactically~*~*~ (stealth).
  2479 | D:4      | Reached skill level 7 in Axes
  2485 | D:4      | 2485 ||| Stepping ~*~*~tactically~*~*~ (stealth).
  2491 | D:4      | 2491 ||| Stepping ~*~*~tactically~*~*~ (stealth).
  2520 | D:4      | 2520 ||| Stepping ~*~*~tactically~*~*~ (hiding).
  2522 | D:4      | 2522 ||| Stepping ~*~*~tactically~*~*~ (hiding).
  2523 | D:4      | 2523 ||| Stepping ~*~*~tactically~*~*~ (hiding).
  2524 | D:4      | 2524 ||| Stepping ~*~*~tactically~*~*~ (hiding).
  2604 | D:4      | 2604 ||| UPGRADING to +0 cloak.
  2609 | D:4      | 2609 ||| READING scroll labelled ZUULOZ LIXEIRCH.
  2610 | D:4      | 2610 ||| READING 2 scrolls labelled LEDDEV UTAV.
  2611 | D:4      | 2611 ||| DRINKING 2 sedimented brown potions.
  2612 | D:4      | 2612 ||| DROPPING scroll of noise.
  2626 | D:5      | Entered Level 5 of the Dungeon
  2713 | D:5      | Reached XP level 8. HP: 42/49 MP: 8/8
  2795 | D:5      | Reached skill level 1 in Throwing
  3056 | D:5      | Reached skill level 8 in Axes
  3068 | D:5      | Found a shimmering altar of Xom.
  3178 | D:5      | Found a staircase to the Ecumenical Temple.
  3179 | D:5      | 3179 ||| PLANNING TEMPLE
  3179 | D:5      | 3179 ||| DROPPING orb of guile.
  3180 | D:5      | 3180 ||| UPGRADING to ring of resist corrosion.
  3181 | D:5      | 3181 ||| READING 2 scrolls of identify.
  3181 | D:5      | 3181 ||| IDENTIFYING blue potion
  3186 | Temple   | Entered the Ecumenical Temple
  3199 | Temple   | 3199 ||| PLANNING OKAWARU WORSHIP
  3368 | Temple   | Became a worshipper of Warmaster Okawaru
  3369 | Temple   | 3369 ||| PLANNING D:1-11
  3570 | D:6      | Slain by an ogre

Levels and vault maps discovered:
D:1:      dpeg_arrival_court, layout_basic, dreamdust_wishing_well
D:2:      layout_rooms, chequers_serial_rivers_marsh
D:3:      layout_basic, chequers_temple_overflow_statue_of_worship
D:4:      layout_basic, minmay_fountain_box, uniq_sigmund
D:5:      layout_rooms, brannock_xom_greatest_gift,
          minmay_temple_entry_glassed_door
D:6:      layout_basic, serial_shops, shop
Temple:   bh_familiar_temple

Skill      XL: |  1  2  3  4  5  6  7  8 |
---------------+-------------------------+-----
Axes           | 2 3 4 5 6 7 8 |  8.0
Fighting       | 4 5 |  5.4
Dodging        | 1 |  1.0
Armour         | 4 |  4.2
Throwing       | 1 |  1.2
Shields        | |  3.2

Action                     |  1- 3 |  4- 6 |  7- 9 || total
---------------------------+-------+-------+-------++-------
  Melee: War axe           |   110 |   107 |   154 ||   371
  Throw: Boomerang         |       |    65 |    42 ||   107
    Use: Scroll            |     5 |     4 |     3 ||    12
         Potion            |       |       |     1 ||     1
 Armour: Scale mail        |    46 |       |       ||    46
         Chain mail        |    16 |    70 |    81 ||   167
  Dodge: Dodged            |    44 |    31 |    56 ||   131
  Block: Buckler           |    18 |    18 |    32 ||    68

Table legend:
 A = Non-vault XP
 B = Vault XP
 C = Vault XP percentage of total XP
 D = Non-vault monster count
 E = Vault monster count
 F = Vault count percentage of total count
                 A         B        C        D         E       F
            +---------+---------+-------+---------+---------+-------
      Total |    1570 |     214 |  12.0 |     118 |       1 |   0.8
            +---------+---------+-------+---------+---------+-------
        D:1 |      42 |       0 |   0.0 |      27 |       0 |   0.0
        D:2 |      80 |       0 |   0.0 |      24 |       0 |   0.0
        D:3 |      59 |       0 |   0.0 |      19 |       0 |   0.0
        D:4 |     605 |     214 |  26.1 |      33 |       1 |   2.9
        D:5 |     778 |       0 |   0.0 |      13 |       0 |   0.0
        D:6 |       6 |       0 |   0.0 |       2 |       0 |   0.0
            +---------+---------+-------+---------+---------+-------
